 Dungeon Sprint DCSS version 0.28-a0-1190-g77e1c55843 (webtiles) character file.

Game seed: 9597669352300555034

289 SensoryNuts the Skirmisher (level 6, -2/55 HPs)
             Began as a Demonspawn Fighter on Dec 18, 2021.
             Succumbed to Sonja's poison
             ... in the Dungeon (Sprint I: "Red Sonja").
             The game lasted 00:01:53 (195 turns).

SensoryNuts the Skirmisher (Demonspawn Fighter)      Turns: 195, Time: 00:01:54

Health: -2/55      AC: 10    Str: 19    XL:     6   Next: 9%
Magic:  6/6        EV: 12    Int:  9    God:
Gold:   162        SH:  5    Dex: 12    Spells: 5/5 levels left

rFire   . . .      SeeInvis .   a - +0 long sword
rCold   . . .      Faith    .   c - +0 buckler
rNeg    . . .      Spirit   .   k - +3 scale mail {Will+}
rPois   .          Reflect  .   (no helmet)
rElec   .          Harm     .   (no cloak)
rCorr   .          Rampage  .   (no gloves)
Will    +....      NoTele   +   (no boots)
Stlth   ..........              (no amulet)
HPRegen 0.18/turn               (no ring)
MPRegen 0.10/turn               (no ring)

@: lethally poisoned (-2 -> -45), hasted, very quick
A: repulsion field 1, demonic magic 1, weakness stinger 2
a: no special abilities


You were in the Dungeon.
You visited 1 branch You collected 162 gold pieces.

Inventory:

Hand Weapons
 a - a +0 long sword (weapon)
Armour
 b - a +0 scale mail
 c - a +0 buckler (worn)
 k - a +3 scale mail of willpower (worn)
Wands
 d - a wand of paralysis (9)
Scrolls
 i - a scroll of holy word {unknown}
 j - a scroll of blinking
Potions
 h - 2 potions of magic


   Skills:
 + Level 7.4 Fighting
 + Level 5.1 Long Blades
 + Level 6.7 Armour
 + Level 1.2 Dodging
 + Level 6.3 Shields


You had 5 spell levels left.
You didn't know any spells.
Your spell library was empty.

Dungeon Overview and Level Annotations

Branches:
Dungeon (1/1)

Altars:
Cheibriados
Dithmenos
Elyvilon
Fedhas
Hepliaklqana
Kikubaaqudgha
Okawaru
Qazlal
Ru
Sif Muna
Trog
Uskayaw
Vehumet
Wu Jian
Yredelemnul
Zin
The Shining One

Shops:
D [

Annotations:
D Sonja


Innate Abilities, Weirdness & Mutations

You are surrounded by a mild repulsion field. (EV +2)
Spells you cast may paralyse adjacent enemies.
You have a tail ending in a sharp stinger.


Message History

You feel very sick. The yak closely misses you. Sonja completely misses you.
Sonja hits you with a +3 dagger of venom.
* * * LOW HITPOINT WARNING * * *
You are more poisoned.
Sonja misses you.
You feel better. The yak completely misses you. You block Sonja's attack.
Sonja hits you but does no damage.
You are poisoned.
Sonja hits you with a +3 dagger of venom.
* * * LOW HITPOINT WARNING * * *
You are lethally poisoned!
You feel much better.
You feel very sick. You block Sonja's attack.
Sonja hits you but does no damage.
You are more poisoned.
Sonja misses you. The yak misses you.
Okay, then.
You closely miss Sonja.
You feel very sick.
You barely miss Sonja.
You feel very sick.
Sonja hits you with a +3 dagger of venom.
Sonja misses you. Sonja hits you but does no damage.
You are lethally poisoned!
The yak gores you but does no damage.
You hit Sonja but do no damage.
Your tail-slap misses Sonja.
* * * LOW HITPOINT WARNING * * *
You feel very sick. Sonja misses you.
Sonja hits you with a +3 dagger of venom!
* * * LOW HITPOINT WARNING * * *
You are more poisoned.
Sonja hits you with a +3 dagger of venom.
* * * LOW HITPOINT WARNING * * *
You are more poisoned.
You block the yak's attack.
Unknown command.
You completely miss Sonja.
You die...

################
#<.#..').#..'..#
#..').#..').#..+
#..#####'#####'# #
#..# #..# #.# ##§?#
#..#__#### ##(#§§§§c
#..#_____##+#_.§§§≈.§
#⌠⌠#_.∩...Y@K.§#≈§§.c#
####_..__##_.#'# +####
___ ##'#(# # #.### $.$
$.$# ##.## #+#


You could see a yak and Sonja.

Vanquished Creatures
  Sigmund (D)
  An ogre (D)
  A jelly (D)
  Ijyb (D)
4 creatures vanquished.

Notes
Turn   | Place    | Note
-------+----------+-------------------------------------------
     0 | D        | SensoryNuts the Demonspawn Fighter began the quest for the
                  | Orb.
     0 | D        | Reached XP level 1. HP: 18/18 MP: 1/1
     1 | D        | Noticed Ijyb
     4 | D        | Paralysed by Ijyb for 2 turns
     9 | D        | Paralysed by Ijyb for 2 turns
    14 | D        | Killed Ijyb
    15 | D        | Reached skill level 4 in Fighting
    15 | D        | Gained mutation: You have a small tail. [demonic ancestry]
    15 | D        | Reached XP level 2. HP: 19/25 MP: 2/2
    85 | D        | Noticed an ogre
    92 | D        | Killed an ogre
    93 | D        | Reached skill level 5 in Fighting
    93 | D        | Reached skill level 5 in Armour
    93 | D        | Reached XP level 3. HP: 32/33 MP: 3/3
    93 | D        | Gained mutation: You are surrounded by a mild repulsion
                  | field. (EV +2) [demonic ancestry]
    93 | D        | Reached XP level 4. HP: 38/39 MP: 4/4
    95 | D        | Noticed Sigmund
    99 | D        | Killed Sigmund
   100 | D        | Reached skill level 7 in Fighting
   100 | D        | Reached skill level 1 in Dodging
   100 | D        | Gained mutation: Spells you cast may paralyse adjacent
                  | enemies. [demonic ancestry]
   100 | D        | Reached XP level 5. HP: 48/48 MP: 5/5
   155 | D        | Found an ornate altar of the Wu Jian Council.
   155 | D        | Found a shimmering blue altar of Sif Muna.
   157 | D        | Found a radiant altar of Vehumet.
   166 | D        | Reached skill level 5 in Long Blades
   166 | D        | Gained mutation: You have a tail ending in a sharp stinger.
                  | [demonic ancestry]
   166 | D        | Reached XP level 6. HP: 20/55 MP: 6/6
   178 | D        | Noticed a centaur warrior
   178 | D        | Noticed a centaur warrior
   183 | D        | Noticed Sonja
   185 | D        | Found Netaoh's Antique Armour Emporium.
   185 | D        | Found an ancient bone altar of Kikubaaqudgha.
   185 | D        | Found a hazy altar of Hepliaklqana.
   185 | D        | Found a stormy altar of Qazlal.
   185 | D        | Found a hide-covered altar of Uskayaw.
   185 | D        | Found a blossoming altar of Fedhas.
   185 | D        | Found a bloodstained altar of Trog.
   185 | D        | Found an iron altar of Okawaru.
   185 | D        | Found a basalt altar of Yredelemnul.
   185 | D        | Found a snail-covered altar of Cheibriados.
   185 | D        | Found a sacrificial altar of Ru.
   185 | D        | Found a shadowy altar of Dithmenos.
   185 | D        | Noticed a yak
   195 | D        | Succumbed to Sonja's poison

Illustrated notes

Levels and vault maps discovered:
D:        dungeon_sprint_1 [red_sonja_temple_1, red_sonja_temple_small_1]

Skill      XL: |  1  2  3  4  5 |
---------------+----------------+-----
Fighting       | 4 5 7 |  7.4
Long Blades    | 2 3 4 5 |  5.1
Armour         | 3 5 6 |  6.7
Shields        | 3 4 6 |  6.3
Dodging        | 1 |  1.2

Action                   |  1- 3 |  4- 6 || total
-------------------------+-------+-------++-------
Melee: Long sword        |    15 |    13 ||    28
       Tailslap          |     1 |     2 ||     3
  Use: Potion            |     1 |     4 ||     5
Armor: Scale mail        |     4 |     5 ||     9
Dodge: Dodged            |     7 |    17 ||    24
Block: Buckler           |       |     5 ||     5

Table legend: (Time is in decaauts)
 A = Elapsed time spent in this place.
 B = Non-inter-level travel time spent in this place.
 C = Inter-level travel time spent in this place.
 D = Time resting spent in this place.
 E = Time spent auto-exploring this place.
 F = Levels seen in this place.
 G = Mean time per level.
                   A        B        C        D        E       F      G
               +--------+--------+--------+--------+--------+-----+--------+
         Total |    212 |    212 |      0 |      0 |     59 |   1 |  212.0 |
       Dungeon |    212 |    212 |      0 |      0 |     59 |   1 |  212.0 |
               +--------+--------+--------+--------+--------+-----+--------+

Top non-repeatable levels by time:
       D: 212 daAuts
